 Dungeon Crawl Stone Soup version 0.22.0-38-g04b72b8 (webtiles) character file.

121 Marcoleric the Twirler (level 4, -2/34 HPs)
             Began as a Demonspawn Gladiator on Aug 29, 2018.
             Was a Follower of Fedhas.
             Slain by an orc (3 damage)
             ... on level 3 of the Dungeon.
             The game lasted 00:08:50 (1674 turns).

Marcoleric the Twirler (Demonspawn Gladiator)       Turns: 1674, Time: 00:08:51

Health: -2/34      AC:  5    Str: 15    XL:     4   Next: 77%
Magic:  4/4        EV: 13    Int: 10    God:    Fedhas [*.....]
Gold:   26         SH:  4    Dex: 14    Spells: 3/3 levels left

rFire    . . .     SeeInvis .   a - +0 quarterstaff
rCold    . . .     Gourm    .   (shield currently unavailable)
rNeg     . . .     Faith    .   b - +0 leather armour
rPois    .         Spirit   .   c - +0 helmet
rElec    .         Reflect  .   (no cloak)
rCorr    .         Harm     .   h - +0 pair of gloves
MR       .....                  (no boots)
Stlth    +.........             (no amulet)
HPRegen  0.11/turn              (no ring)
MPRegen  0.09/turn              (no ring)

@: no status effects
A: talons 1, large bone plates 1, powered by death 1
a: Fungal Bloom, Sunlight, Renounce Religion


You were on level 3 of the Dungeon.
You worshipped Fedhas.
Fedhas was aware of your devotion.
You were not hungry.

You visited 1 branch of the dungeon, and saw 3 of its levels.

You collected 26 gold pieces.

Inventory:

Hand Weapons
 a - a +0 quarterstaff (weapon)
Missiles
 d - 3 throwing nets (quivered)
Armour
 b - a +0 leather armour (worn)
 c - a +0 helmet (worn)
 h - a +0 pair of gloves (worn)
Scrolls
 g - 3 scrolls of remove curse
 i - a scroll of magic mapping
 k - a scroll of teleportation
Potions
 j - a potion of berserk rage
 m - 2 potions of agility {unknown}
Comestibles
 f - 3 rations


   Skills:
 + Level 2.7 Fighting
 + Level 3.8 Staves
 + Level 1.8 Throwing
 + Level 1.1 Armour
 + Level 3.3 Dodging
 + Level 0.4 Stealth


You had 3 spell levels left.
You didn't know any spells.
Your spell library was empty.

Dungeon Overview and Level Annotations

Branches:
Dungeon (3/15)

Altars:
Ashenzari
Fedhas
Hepliaklqana
Ru
The Shining One


Innate Abilities, Weirdness & Mutations

You have sharp toenails.
You are partially covered in large bone plates. (SH +4)
You regenerate a little health from kills.


Message History

You sock the rat!
You kill the rat!
The orc wizard barely misses you.
Things that are here:
a dagger; a leather armour; a rat corpse You barely miss the orc wizard.
You claw the orc wizard.
The orc wizard is heavily wounded.
The orc wizard mumbles some strange words.
The orc wizard blinks!
The orc closely misses you.
You barely miss the orc. Your kick misses the orc.
The orc wizard hits you with a dagger.
* * * LOW HITPOINT WARNING * * *
The orc hits you.
* * * LOW HITPOINT WARNING * * *
You hit the orc. Your kick misses the orc.
The orc is moderately wounded.
The orc wizard hits you but does no damage.
You block the orc wizard's attack. The orc hits you.
You die...
Fedhas appreciates your contribution to the ecosystem.

..............
.............
............
...........
.(........#
........#.#
.......)..#######
..........†.oo@o#
........#.#####....#
........#.# ####..#
........... ....
......<##... ###
.####.. #.##o ##.
#.# #. #. #%# #.


You could see an orc wizard and 2 orcs.

Vanquished Creatures
  An orc priest (D:3)
  3 adders
  An ooze (D:1)
  2 dart slugs
  3 orcs (D:3)
  5 bats
  4 giant cockroaches
  3 goblins
  9 hobgoblins
  2 jackals (D:2)
  7 kobolds
  2 ball pythons
  5 frilled lizards
  8 rats
55 creatures vanquished.

Vanquished Creatures (others)
  12 toadstools (D:2)
12 creatures vanquished.

Grand Total: 67 creatures vanquished

Notes
Turn   | Place    | Note
-------+----------+-------------------------------------------
     0 | D:1      | Marcoleric the Demonspawn Gladiator began the quest for the Orb.
     0 | D:1      | Reached XP level 1. HP: 16/16 MP: 1/1
   507 | D:1      | Gained mutation: You regenerate a little health from kills. [demonic ancestry]
   507 | D:1      | Reached XP level 2. HP: 22/22 MP: 2/2
  1107 | D:2      | Gained mutation: You are partially covered in large bone plates. (SH +4) [demonic ancestry]
  1107 | D:2      | Reached XP level 3. HP: 28/28 MP: 3/3
  1280 | D:2      | Found a sacrificial altar of Ru.
  1280 | D:2      | Found a faded altar of an unknown god.
  1288 | D:2      | Found a faded altar of an unknown god.
  1291 | D:2      | Found a hazy altar of Hepliaklqana.
  1293 | D:2      | Found a glowing golden altar of the Shining One.
  1310 | D:2      | Became a worshipper of Fedhas Madash
  1310 | D:2      | Reached * piety under Fedhas
  1538 | D:2      | Found a shattered altar of Ashenzari.
  1624 | D:3      | Gained mutation: You have sharp toenails. [demonic ancestry]
  1624 | D:3      | Reached XP level 4. HP: 31/34 MP: 4/4
  1633 | D:3      | Reached skill level 1 in Armour
  1673 | D:3      | HP: 1/34 [orc (3)]
  1674 | D:3      | Slain by an orc

Skill      XL: |  1  2  3  4 |
---------------+-------------+-----
Dodging        | 3 |  3.3
Staves         | 3 |  3.8
Armour         | 1 |  1.1
Fighting       | |  2.7
Throwing       | |  1.8
Stealth        | |  0.4

Action                   |  1- 3 |  4- 6 || total
-------------------------+-------+-------++-------
Melee: Quarterstaff      |   158 |    40 ||   198
       Kick              |       |    10 ||    10
Invok: Fungal Bloom      |     4 |       ||     4
  Use: Scroll            |     9 |       ||     9
       Potion            |       |     1 ||     1
  Eat: Ration            |     1 |       ||     1
Armor: Leather armour    |    60 |    11 ||    71
Dodge: Dodged            |   159 |    29 ||   188
Block: Other             |    11 |     5 ||    16
